Map: Chantier naval orbital

Players

Worming - Winner!

  • Race: Zerg Zerg
  • League: Diamond

Caise

  • Race: Zerg Zerg
  • League: Diamond

VOD

Have the link to the VOD?

Description

Time

  • Played on: Dec. 19, 2015, 8:02 a.m.
  • Length: 12:48
Show
View Real Time Build Order
Export as new Build Order

Worming Zerg - Winner!

Build Orders: Hatch First 

Get SALT Encoding   

  12  0:01  Drone  
  13  0:12  Overlord  
  13  0:18  Drone  
  14  0:31  Drone x2  
  16  0:37  Drone  
  17  0:53  Hatchery  
  17  0:57  Drone  
  17  1:01  Extractor  
  16  1:04  Drone  
  17  1:18  Spawning Pool  
  16  1:20  Drone x2  
  18  1:33  Drone  
  18  1:38  Drone  
  20  1:49  Overlord  
  20  2:05  Queen  
  20  2:06  Zergling x4  
  24  2:08  Metabolic Boost  
  24  2:15  Drone  
  25  2:23  Drone  
  25  2:24  Drone  
  27  2:40  Drone  
  27  2:41  Drone  
  29  2:44  Baneling Nest  
  29  2:46  Drone  
  29  2:50  Queen  
  31  2:51  Drone x2  
  31  2:56  Drone  
  35  3:12  Drone x2  
  34  3:21  Zergling x2  
  34  3:23  Overlord  
  35  3:30  Overlord  
  35  3:40  Queen  
  37  3:44  Drone x6  
  37  3:47  Hatchery  
  42  3:55  Overlord x2  
  42  4:01  Lair  
  42  4:02  Extractor  
  41  4:03  Extractor  
  41  4:04  Extractor  
  41  4:06  Zergling x10  
  44  4:29  Drone x6  
  50  4:40  Baneling  
  50  4:41  Baneling x2  
  50  4:42  Baneling x2  
  50  4:44  Drone x6  
  56  4:49  Drone x4  
  57  5:10  Zergling x10  
  62  5:15  Spire  
  61  5:23  Overlord  
  61  5:24  Zergling x6  
  61  5:27  Baneling  
  61  5:28  Baneling x15  
  64  5:29  Zergling x4  
  64  5:30  Zergling x4  
  68  5:48  Queen  
  67  5:50  Drone x10  
  76  6:05  Overseer  
  76  6:09  Queen  
  78  6:24  Drone x3  
  81  6:29  Overlord x4  
  81  6:30  Zerg Flyer Weapons Level 1  
  81  6:37  Hatchery  
  80  6:49  Infestation Pit, Mutalisk  
  80  6:50  Mutalisk x6  
  93  6:58  Mutalisk  
  95  7:08  Drone x9  
  95  7:09  Drone x3  
  107  7:18  Overseer  
  107  7:19  Evolution Chamber, Overlord  
  107  7:22  Evolution Chamber  
  105  7:24  Extractor x2  
  103  7:51  Zerg Melee Weapons Level 1  
  103  7:52  Zerg Ground Armor Level 1  
  103  7:53  Drone x3  
  103  7:56  Drone  
  103  7:57  Drone x2  
  109  8:01  Zergling x10  
  109  8:02  Zergling x8  
  114  8:16  Zergling x2  
  114  8:17  Zergling x6  
  111  8:20  Zergling x4  
  99  8:27  Mutalisk x7  
  99  8:34  Zergling x6  
  111  8:39  Hive  
  96  8:51  Mutalisk x2  
  96  8:52  Zergling x2  
  100  8:58  Hatchery  
  100  9:00  Zergling x6  
  99  9:11  Overlord x2  
  92  9:28  Zergling x2  
  93  9:34  Overlord x2  
  93  9:40  Extractor  
  93  9:41  Spine Crawler, Extractor  
  93  9:42  Zergling x2  
  93  9:43  Queen, Zergling x2  
  94  9:48  Drone x3  
  94  9:49  Drone x3, Overlord  
  94  9:50  Overlord x2  
  100  9:54  Pneumatized Carapace  
  100  9:57  Zerg Melee Weapons Level 2, Zerg Ground Armor Level 2  
  98  10:00  Ultralisk Cavern  
  97  10:10  Extractor  
  97  10:12  Drone  
  97  10:13  Drone x2  
  99  10:14  Extractor  
  99  10:15  Zergling x12  
  99  10:19  Queen  
  99  10:20  Drone x3  
  109  10:38  Hatchery  
  108  10:47  Chitinous Plating  
  108  10:49  Overlord  
  108  10:50  Zergling x2, Overlord  
  108  10:51  Zergling x16  
  117  11:15  Ultralisk x5  
  147  11:22  Centrifical Hooks  
  147  11:23  Hatchery  
  146  11:26  Overlord x2  
  146  11:27  Zergling x16  
  154  11:35  Pathogen Glands  
  152  11:58  Drone x2  
  152  11:59  Drone x4, Spine Crawler  
  149  12:02  Spine Crawler  
  148  12:09  Zergling x2  
  148  12:10  Zergling x2  
  148  12:11  Zergling x22  
  153  12:26  Zergling x8  
  153  12:27  Zergling x2  
Show
View Real Time Build Order
Export as new Build Order

Caise Zerg 

Build Orders: Hatch First 

Get SALT Encoding   

  12  0:02  Drone  
  13  0:13  Overlord  
  13  0:17  Drone  
  14  0:23  Drone, Extractor  
  15  0:32  Drone  
  16  0:37  Drone  
  17  1:00  Hatchery  
  17  1:01  Drone  
  17  1:11  Extractor  
  17  1:16  Spawning Pool  
  17  1:17  Drone  
  16  1:22  Drone  
  18  1:25  Drone  
  18  1:37  Drone  
  19  1:43  Overlord  
  19  1:51  Drone  
  20  2:01  Drone  
  20  2:03  Queen  
  23  2:11  Queen  
  23  2:13  Zergling x2  
  23  2:15  Zergling x2  
  27  2:21  Metabolic Boost  
  27  2:29  Drone x2  
  29  2:35  Drone x2  
  31  2:43  Baneling Nest  
  30  2:46  Drone  
  30  2:47  Drone  
  32  2:53  Queen  
  34  3:08  Overlord  
  34  3:11  Drone x2  
  36  3:19  Overlord  
  36  3:35  Drone x5  
  36  3:36  Drone  
  42  3:41  Baneling x2  
  42  3:45  Hatchery  
  41  3:50  Lair  
  41  3:51  Extractor  
  41  3:55  Roach Warren  
  39  3:59  Drone x3  
  39  4:00  Drone  
  43  4:08  Overlord  
  43  4:10  Drone  
  43  4:11  Drone x2  
  43  4:15  Baneling x2  
  46  4:28  Drone  
  47  4:32  Zergling x14  
  54  4:41  Overlord  
  54  4:42  Zergling x4  
  54  4:43  Zergling x2  
  57  4:55  Overlord  
  57  4:58  Baneling x2  
  55  5:09  Roach  
  55  5:10  Roach x7  
  55  5:12  Queen  
  73  5:23  Overlord  
  73  5:24  Glial Reconstitution  
  73  5:28  Drone, Evolution Chamber  
  74  5:29  Overlord  
  74  5:30  Evolution Chamber  
  74  5:34  Overlord  
  72  5:49  Drone  
  68  5:50  Drone x9  
  77  6:02  Extractor  
  77  6:03  Extractor  
  75  6:05  Zerg Missile Weapons Level 1  
  75  6:06  Zerg Ground Armor Level 1  
  75  6:08  Drone x5  
  75  6:09  Drone  
  81  6:17  Overseer  
  81  6:21  Overlord x2  
  81  6:28  Roach  
  81  6:29  Roach x3  
  89  6:38  Drone  
  89  6:39  Drone x8  
  98  6:48  Hydralisk Den  
  98  6:53  Overlord x2  
  97  6:59  Overlord x2  
  97  7:02  Extractor  
  97  7:04  Overseer, Extractor  
  97  7:06  Ravager  
  97  7:07  Ravager x2  
  98  7:10  Drone  
  98  7:11  Drone, Overlord x2  
  98  7:14  Drone x3  
  103  7:21  Ravager  
  104  7:28  Drone  
  105  7:33  Hydralisk  
  105  7:34  Hydralisk x4  
  115  7:37  Spore Crawler  
  115  7:39  Spore Crawler  
  115  7:41  Spore Crawler  
  115  7:44  Spore Crawler  
  109  7:54  Hydralisk  
  109  7:55  Hydralisk x5  
  99  8:21  Hydralisk x6  
  105  8:43  Queen  
  105  8:57  Spore Crawler x2  
  105  8:59  Hydralisk x8  
  102  9:19  Queen  
  89  9:28  Roach  
  89  9:29  Roach x9  
  109  9:36  Zergling x2  
  108  9:46  Zerg Missile Weapons Level 2  
  108  9:48  Drone x3  
  111  9:53  Drone  
  111  9:54  Drone  
  111  10:05  Drone x5  
  116  10:15  Zerg Ground Armor Level 2  
  116  10:17  Drone x4  
  116  10:18  Drone x3  
  122  10:24  Roach x3  
  122  10:28  Overseer  
  128  10:32  Overlord x2  
  128  10:41  Overlord x2  
  128  10:42  Overlord  
  126  10:51  Roach x10  
  126  10:53  Infestation Pit  
  144  11:02  Zergling x2  
  145  11:05  Zergling x2, Spine Crawler  
  145  11:08  Spine Crawler  
  143  11:15  Zergling x18  
  152  11:23  Zergling x8  
  156  11:31  Baneling x2  
  156  11:35  Baneling x2  
  156  11:46  Baneling  
  155  11:47  Baneling x7, Hydralisk  
  155  11:48  Hydralisk x6  
  155  11:53  Hatchery  
  168  11:57  Zergling x8  
  168  12:00  Zergling x4  
  168  12:01  Zergling x2, Overlord x2  
  169  12:02  Overlord  
  167  12:16  Zergling x6  
  167  12:18  Zergling x4  
Tags
 
Add a new tag
Caveats
  • Supply blocks, unpowered buildings, or Contaminate may cause inaccurate times.
  • Supply counts are checked every 10 seconds.